 Dungeon Crawl Stone Soup version 0.22-a0-299-g43f9854 (webtiles) character file.

11 sankara the Firebug (level 2, 18/19 HPs)
             Began as a Demonspawn Fire Elementalist on Mar 25, 2018.
             Got out of the dungeon alive.
             The game lasted 00:01:44 (363 turns).

sankara the Firebug (Demonspawn Fire Elementalist)   Turns: 363, Time: 00:01:45

Health: 18/19      AC:  3    Str:  8    XL:     2   Next: 17%
Magic:  5/5        EV: 12    Int: 16    God:
Gold:   10         SH:  0    Dex: 13    Spells: 4/5 levels left

rFire    . . .     SeeInvis .   a - +0 dagger
rCold    . . .     Gourm    .   (no shield)
rNeg     . . .     Faith    .   i - +0 robe
rPois    .         Spirit   .   (no helmet)
rElec    .         Reflect  .   (no cloak)
rCorr    .         Harm     .   (no gloves)
MR       .....                  g - +0 pair of boots
Stlth    +++.......             (no amulet)
HPRegen  0.06/turn              (no ring)
MPRegen  0.09/turn              (no ring)

@: no status effects
A: nightstalker 1
a: no special abilities


You escaped.
You were not hungry.

You visited 1 branch of the dungeon, and saw 1 of its levels.

You collected 10 gold pieces.

Inventory:

Hand Weapons
 a - a +0 dagger (weapon)
   (You took it off a kobold on level 1 of the Dungeon)
Missiles
 b - 20 sling bullets
 d - 23 stones (quivered)
Armour
 g - a +0 pair of boots (worn)
   (You found it on level 1 of the Dungeon)
 i - a +0 robe (worn)
Scrolls
 e - a scroll of enchant armour {unknown}
Comestibles
 c - a ration
 h - 3 chunks of flesh {@w0}


   Skills:
 - Level 1.7 Dodging
 - Level 1.7 Stealth
 + Level 2.2 Spellcasting
 + Level 1.5 Conjurations
 + Level 2.9 Fire Magic


You had 4 spell levels left.
You knew the following spells:

 Your Spells              Type           Power        Failure   Level  Hunger
a - Flame Tongue          Conj/Fire      #....        9%          1    #......


Dungeon Overview and Level Annotations

Branches:
Dungeon (1/15)

Altars:


Innate Abilities, Weirdness & Mutations

You are slightly more attuned to the shadows.


Message History

You see here a kobold corpse.
You start resting.
Magic restored.
You see here a kobold corpse.
A kobold comes into view. It is wielding a dagger.
Casting: Flame Tongue (safe; 9% risk of failure)
Confirm with . or Enter, or press ? or * to list all spells.
Aiming: Flame Tongue (safe; 9% risk of failure)
Press: ? - help, Shift-Dir - straight line, f - kobold
Aim: a kobold, wielding a dagger (resting)
The flame tongue hits the kobold.
You kill the kobold!
i - a dagger Wield which item (- for none, * to show all)? (? for menu, Esc to quit)
i - a +0 dagger (weapon)
Drop what? 9/52 slots (_ for help) (? for menu, Esc to quit)
You drop a club. x2
Adjust (i)tems, (s)pells, or (a)bilities?
Adjust which item? (? for menu, Esc to quit)
i - a +0 dagger (weapon)
Adjust to which letter? (? for menu, Esc to quit)
a - a +0 dagger (weapon);
i - a +0 robe (worn)
A giant cockroach and a goblin come into view.
The goblin moves out of view.
Found a stone staircase leading down.
A rat comes into view.
The giant cockroach misses you.
The goblin shouts!
You hit the giant cockroach.
The giant cockroach is moderately wounded.
The giant cockroach bites you but does no damage.
You hit the giant cockroach but do no damage.
The giant cockroach is moderately wounded.
The giant cockroach closely misses you.
You hit the giant cockroach but do no damage.
The giant cockroach is moderately wounded.
The giant cockroach bites you.
A goblin comes into view. It is wielding a dagger.
The giant cockroach misses you.
Casting: Flame Tongue (safe; 9% risk of failure)
Confirm with . or Enter, or press ? or * to list all spells.
Aiming: Flame Tongue (safe; 9% risk of failure)
Press: ? - help, Shift-Dir - straight line, f - giant cockroach
Aim: a giant cockroach (moderately wounded, clinging)
The flame tongue hits the giant cockroach.
You kill the giant cockroach!
You have reached level 2!
Your demonic ancestry asserts itself...
You slip into the darkness of the dungeon.
Casting: Flame Tongue (safe; 9% risk of failure)
Confirm with . or Enter, or press ? or * to list all spells.
Aiming: Flame Tongue (safe; 9% risk of failure)
Press: ? - help, Shift-Dir - straight line, f - rat
Aim: a rat The flame tongue misses the rat.
The goblin shouts!
Casting: Flame Tongue (safe; 9% risk of failure)
Confirm with . or Enter, or press ? or * to list all spells.
Aiming: Flame Tongue (safe; 9% risk of failure)
Press: ? - help, Shift-Dir - straight line, f/p - rat
Aim: a rat The flame tongue misses the rat.
The rat barely misses you.
Casting: Flame Tongue (safe; 9% risk of failure)
Confirm with . or Enter, or press ? or * to list all spells.
Aiming: Flame Tongue (safe; 9% risk of failure)
Press: ? - help, Shift-Dir - straight line, f/p - rat
Aim: a rat The flame tongue hits the rat.
You kill the rat!
Casting: Flame Tongue (safe; 9% risk of failure)
Confirm with . or Enter, or press ? or * to list all spells.
You don't have enough magic to cast that spell.
Unknown command.
You hit the goblin but do no damage. The goblin hits you with a dagger.
You barely miss the goblin. The goblin closely misses you.
You hit the goblin.
The goblin is heavily wounded.
The goblin hits you but does no damage.
You hit the goblin but do no damage.
The goblin is heavily wounded.
The goblin hits you but does no damage.
You hit the goblin.
You kill the goblin!
You hit the goblin.
The goblin is severely wounded.
You barely miss the goblin.
The goblin is severely wounded.
The goblin hits you but does no damage.
You hit the goblin.
You kill the goblin!
e - a scroll labeled UPOES NEACIUPN
Things that are here:
a dagger x2; a goblin corpse You butcher the goblin corpse.
h - 3 chunks of flesh {@w0} (gained 1)
Things that are here:
a dagger x2
There is a staircase leading out of the dungeon here.
Are you sure you want to leave the Dungeon?
This will make you lose the game!
You have escaped!

###..###.#.#........##.......##
.....###...##.###.###.........#
####.##....##.#....##....⌠....#
####.##..#.###...##...........#
..##.##....# #########.......##
#.##.......####...######...###
#..........##.......## ###.####
..######.#.#.........#
###...### #.#
##...#....@....####.......# #.#
#....#..........##......... ..#
#....##.......##......⌠....
..###
#.....###...######.........
#...###.......##### ##.......#
)##.).#...###.. ###...###
.####.....# ... ##### .#
###...# #. ... ........


There were no monsters in sight!

Vanquished Creatures
  2 giant cockroaches (D:1)
  2 goblins (D:1)
  A hobgoblin (D:1)
  4 kobolds (D:1)
  A rat (D:1)
10 creatures vanquished.

Notes
Turn   | Place    | Note
-------+----------+-------------------------------------------
     0 | D:1      | sankara the Demonspawn Fire Elementalist began the quest for the Orb.
     0 | D:1      | Reached XP level 1. HP: 13/13 MP: 3/3
   295 | D:1      | Gained mutation: You are slightly more attuned to the shadows. [demonic ancestry]
   295 | D:1      | Reached XP level 2. HP: 18/19 MP: 3/5
   363 | D:$      | Got out of the dungeon alive.

Vault maps used:
D:1:      dpeg_arrival_three_same_balls, minmay_heptomino_o4

Action                   || total
-------------------------++-------
Melee: Dagger            ||    11
       Unarmed           ||     1
 Cast: Flame Tongue      ||    13
Armor: Robe              ||     3
Dodge: Dodged            ||    11

Table legend:
 A = Spawn XP
 B = Non-spawn XP
 C = Spawn XP percentage of total XP
 D = Spawn monster count
 E = Non-spawn monster count
 F = Spawn count percentage of total count
 G = Total turns spent on level
                    A         B        C        D         E        F      G
               +---------+---------+-------+---------+---------+-------+---------
         Total |       0 |      17 |   0.0 |       0 |      10 |   0.0 |   363
               +---------+---------+-------+---------+---------+-------+---------
           D:1 |       0 |      17 |   0.0 |       0 |      10 |   0.0 |   363
               +---------+---------+-------+---------+---------+-------+---------

Vault maps used:
D:1:      dpeg_arrival_three_same_balls, minmay_heptomino_o4

Table legend:
 A = Turns spent in this place as a percentage of turns spent in the entire game.
 B = Non-inter-level travel turns spent in this place as a percentage of non-inter-level travel turns spent in the entire game.
 C = Inter-level travel turns spent in this place as a percentage of turns spent in this place.
 D = Turns resting spent in this place as a percentage of non-inter-level travel turns spent in this place.
 E = Turns spent auto-exploring this place as a percentage of non-inter-level travel turns spent in this place.
 F = Non-inter-level travel turns spent in this place divided by the number of levels of this place that you've seen.
                   A       B       C       D       E      F
               +-------+-------+-------+-------+-------+----------------------
         Total | 100.0 | 100.0 |  13.8 |  18.2 |  41.9 | 313.0
       Dungeon | 100.0 | 100.0 |  13.8 |  18.2 |  41.9 | 313.0
               +-------+-------+-------+-------+-------+----------------------

Table legend:
 A = Kills in this place as a percentage of kills in entire the game.
 B = Kills by you in this place as a percentage of kills by you in the entire game.
 C = Kills by friends in this place as a percentage of kills by friends in the entire game.
 D = Other kills in this place as a percentage of other kills in the entire game.
 E = Experience gained in this place as a percentage of experience gained in the entire game.
 F = Experience gained in this place divided by the number of levels of this place that you have seen.
                   A       B       C       D       E      F
               +-------+-------+-------+-------+-------+----------------------
         Total | 100.0 | 100.0 |   N/A |   N/A | 100.0 |  17.0
       Dungeon | 100.0 | 100.0 |   N/A |   N/A | 100.0 |  17.0
               +-------+-------+-------+-------+-------+----------------------
